 Seeded DCSS version 0.28-a0-664-gc179e30c89 (webtiles) character file.

Game seed: 20211015 (custom seed)

1308 a11behringer the Spear-Bearer (level 8, -6/66 (68) HPs)
             Began as a Minotaur Fighter on Oct 16, 2021.
             Was a Follower of Cheibriados.
             Mangled by a wight (12 damage)
             ... on level 6 of the Dungeon.
             The game lasted 00:17:26 (4435 turns).

a11behringer the Spear-Bearer (Minotaur Fighter)    Turns: 4435, Time: 00:17:27

HP:   -6/66 (68)    AC: 13    Str: 24    XL:     8   Next: 32%
MP:   7/7           EV:  7    Int:  7    God:    Cheibriados [*.....]
Gold: 290           SH:  5    Dex: 13    Spells: 7/7 levels left

rFire   . . .      SeeInvis .   a - +0 trident
rCold   . . .      Faith    .   c - +0 buckler
rNeg    . . .      Spirit   .   p - +0 plate armour
rPois   .          Reflect  .   (helmet restricted)
rElec   .          Harm     .   (no cloak)
rCorr   +          Rampage  .   (no gloves)
Will    .....                   g - +0 pair of boots
Stlth   ..........              o - amulet of regeneration
HPRegen 1.21/turn               e - ring of resist corrosion
MPRegen 0.10/turn               (no ring)

@: lightly drained, very slow
A: horns 2, retaliatory headbutt
a: Renounce Religion, Bend Time


You were on level 6 of the Dungeon.
You worshipped Cheibriados.
Cheibriados was aware of your devotion.
You visited 2 branches of the dungeon, and saw 7 of its levels.

You collected 290 gold pieces.

Inventory:

Hand Weapons
 a - a +0 trident (weapon)
 y - a +0 shortbow
Missiles
 r - 24 bolts
 x - 36 arrows
Armour
 b - a +0 scale mail
 c - a +0 buckler (worn)
 g - a +0 pair of boots (worn)
 p - a +0 plate armour (worn)
 w - a +2 scale mail of cold resistance
Jewellery
 e - a ring of resist corrosion (left hand)
 n - an amulet of the acrobat
 o - an amulet of regeneration (around neck)
Scrolls
 h - a scroll of enchant weapon {unknown}
 k - 3 scrolls of noise {unknown}
 l - 6 scrolls of identify {unknown}
 t - a scroll of teleportation {unknown}
 u - a scroll of blinking {unknown}
 v - a scroll of fear {unknown}
 A - a scroll of brand weapon {unknown}
 B - a scroll of fog {unknown}
Potions
 d - a potion of might
 f - 2 potions of curing {unknown}
 i - a potion of lignification {unknown}
 j - 2 potions of heal wounds {unknown}
 m - a potion of attraction {unknown}
 q - a potion of haste {unknown}
 s - a potion of brilliance {unknown}
 z - 2 potions of magic {unknown}
 C - a potion of flight {unknown}


   Skills:
 + Level 5.1 Fighting
 * Level 10.5 Polearms
 + Level 6.0 Armour
 + Level 0.6 Dodging
 - Level 4.1 Shields
 + Level 0.2 Invocations


You had 7 spell levels left.
You didn't know any spells.
Your spell library contained the following spells:

 Spells                   Type           Power      Damage    Failure   Level
 Static Discharge         Conj/Air       0%         N/A       100%        2
 Call Canine Familiar     Summ           0%         N/A       100%        3
 Portal Projectile        Hex/Tloc       0%         N/A       100%        3
 Dispel Undead            Necr           0%         3d6       100%        4
 Leda's Liquefaction      Hex/Erth       0%         N/A       100%        4
 Sticky Flame             Conj/Fire      0%         2d3       100%        4


Dungeon Overview and Level Annotations

Branches:
Dungeon (6/15)             Temple (1/1) D:4

Altars:
Ashenzari
Cheibriados
Elyvilon
Gozag
Hepliaklqana
Kikubaaqudgha
Nemelex Xobeh
Okawaru
Qazlal
Ru
Uskayaw
Vehumet
Wu Jian
Xom
The Shining One

Shops:
D:1 :   D:5 (

Annotations:
D:3 2 transporters, a11behringer's ghost, weakling MiFi


Innate Abilities, Weirdness & Mutations

You have a pair of horns on your head.
You reflexively headbutt those who attack you in melee.


Message History

The centaur completely misses you. The wight hits you with a +0 trident.
* * * LOW HITPOINT WARNING * * *
Items here: )) [[ †.
The centaur wields a +0 shortbow.
The centaur shoots an arrow.
The arrow hits you.
* * * LOW HITPOINT WARNING * * *
The centaur shoots an arrow.
The arrow hits you but does no damage.
Okay, then.
The wight barely misses you.
You hit the centaur.
The centaur is lightly wounded.
The centaur unwields a +0 shortbow.
The centaur hits you but does no damage.
The centaur completely misses you.
Your plate armour prevents you from hitting the centaur.
The centaur is lightly wounded.
The centaur barely misses you. You block the centaur's attack.
You block the wight's attack.
The centaur hits you but does no damage.
The centaur kicks you but does no damage.
You hit the centaur but do no damage. Your headbutt misses the centaur.
The centaur is lightly wounded.
The wight hits you from afar with a +0 halberd!
* * * LOW HITPOINT WARNING * * *
You feel drained. The centaur barely misses you.
The centaur kicks you but does no damage.
You puncture the centaur! You headbutt the centaur!
You kill the centaur!
Cheibriados appreciates the change of pace.
You block the wight's attack.
Your life force feels restored.
Your Armour skill increases to level 6!
The wight hits you with a +0 war axe!
* * * LOW HITPOINT WARNING * * *
You feel drained.
* * * LOW HITPOINT WARNING * * *
Unknown command.
You block the wight's attack. The wight hits you with a +0 war axe!
You die...

####### #.....#
#.....# #..@..#
#..z..# #....z###
#.....zh####
#......z...## ..
#.....##z#..##......
#.....##)# [##......
........$.##.........
.........hzz.#........


You could see a black bear and 5 wights.

Vanquished Creatures
  Grinder (D:3)
  A water moccasin (D:5)
  An ogre (D:4)
  2 centaurs
  3 scorpions
  A water moccasin skeleton (D:5)
  2 wights (D:6)
  A howler monkey (D:5)
  A bullfrog zombie (D:5)
  A centaur zombie (D:5)
  A hound (D:4)
  A jelly (D:5)
  3 orc priests (D:5)
  3 orc wizards
  7 adders
  2 adder skeletons (D:4)
  4 worms
  A dart slug (D:5)
  10 orcs
  3 ball pythons (D:3)
  2 endoplasms
  9 giant cockroaches (D:1)
  5 goblins
  5 hobgoblins
  3 quokkas
  A bat (D:3)
  2 frilled lizards
  3 kobolds (D:3)
  2 rats
81 creatures vanquished.

Notes
Turn   | Place    | Note
-------+----------+-------------------------------------------
     0 | D:1      | a11behringer the Minotaur Fighter began the quest for the
                  | Orb.
     0 | D:1      | Reached XP level 1. HP: 19/19 MP: 0/0
   345 | D:1      | Found Lurig's Book Boutique.
   380 | D:1      | Reached XP level 2. HP: 27/27 MP: 1/1
  1041 | D:2      | Reached skill level 3 in Polearms
  1126 | D:2      | Reached XP level 3. HP: 22/33 MP: 2/2
  1623 | D:2      | Found a faded altar of an unknown god.
  2004 | D:3      | Reached skill level 4 in Polearms
  2004 | D:3      | Reached XP level 4. HP: 25/40 MP: 3/3
  2472 | D:3      | Found a transporter.
  2472 | D:3      | Noticed a11behringer's ghost (weakling MiFi)
  2484 | D:3      | Found a transporter.
  2516 | D:3      | Found a glowing golden altar of the Shining One.
  2597 | D:3      | Reached skill level 5 in Polearms
  2618 | D:3      | Noticed Grinder
  2628 | D:3      | Paralysed by Grinder for 6 turns
  2657 | D:3      | Paralysed by Grinder for 2 turns
  2660 | D:3      | Killed Grinder
  2661 | D:3      | Reached skill level 6 in Polearms
  2661 | D:3      | Reached XP level 5. HP: 35/47 MP: 4/4
  2661 | D:3      | Reached XP level 6. HP: 40/53 MP: 5/5
  3035 | D:4      | Found an ornate altar of the Wu Jian Council.
  3036 | D:4      | Found a sparkling altar of Nemelex Xobeh.
  3037 | D:4      | Found an ancient bone altar of Kikubaaqudgha.
  3052 | D:4      | Found an iron altar of Okawaru.
  3133 | D:4      | Reached skill level 7 in Polearms
  3133 | D:4      | Reached skill level 5 in Armour
  3142 | D:4      | Found a staircase to the Ecumenical Temple.
  3214 | Temple   | Entered the Ecumenical Temple
  3324 | Temple   | Became a worshipper of Cheibriados the Contemplative
  3624 | D:5      | Entered Level 5 of the Dungeon
  3651 | D:5      | Reached XP level 7. HP: 59/60 MP: 4/6
  3685 | D:5      | Reached skill level 8 in Polearms
  3734 | D:5      | Found Liqucipp's Weapon Shop.
  3834 | D:5      | Reached skill level 5 in Fighting
  3837 | D:5      | Reached skill level 9 in Polearms
  4071 | D:5      | Reached XP level 8. HP: 68/68 MP: 7/7
  4148 | D:5      | Reached * piety under Cheibriados
  4256 | D:5      | Reached skill level 10 in Polearms
  4432 | D:6      | HP: 1/66 [wight (3)]
  4435 | D:6      | Mangled by a wight

Illustrated notes

Levels and vault maps discovered:
D:1:      nicolae_arrival_memento_mori, layout_basic, serial_shops,
          nicolae_shop_waterfront, hangedman_decor_peaks_small, nrook_campfire,
          hangedman_decor_push, minmay_worlds_worst_comb
D:2:      layout_loops_cross, shapermc_ecumenical_altar_hornbeckon
D:3:      layout_basic, tso_altar, gammafunk_ghost_arena, uniq_grinder
D:4:      layout_cave_pods, nicolae_overflow_quartered_altars,
          minmay_temple_entry_crystal_x, corexii_hall_statues_x,
          grunt_ministairs_9
D:5:      layout_loops_ring, serial_shops, nicolae_take_the_stairs
D:6:      layout_rooms, nicolae_shop_self_help
Temple:   dpeg_chambers_temple

Skill      XL: |  1  2  3  4  5  6  7  8 |
---------------+-------------------------+-----
Armour         | 4 5 6 |  6.0
Polearms       | 3 4 6 7 9 10 | 10.5
Fighting       | 4 5 |  5.1
Shields        | 4 |  4.1
Dodging        | |  0.6
Invocations    | |  0.2

Action                   |  1- 3 |  4- 6 |  7- 9 || total
-------------------------+-------+-------+-------++-------
Melee: Trident           |    90 |    97 |   111 ||   298
       Headbutt          |    15 |    16 |    15 ||    46
Invok: Bend Time         |       |     1 |       ||     1
Armor: Scale mail        |    21 |       |       ||    21
       Plate armour      |    20 |    57 |    67 ||   144
Dodge: Dodged            |    26 |    24 |    38 ||    88
Block: Buckler           |    17 |    19 |    25 ||    61

Table legend: (Time is in decaauts)
 A = Elapsed time spent in this place.
 B = Non-inter-level travel time spent in this place.
 C = Inter-level travel time spent in this place.
 D = Time resting spent in this place.
 E = Time spent auto-exploring this place.
 F = Levels seen in this place.
 G = Mean time per level.
                   A        B        C        D        E       F      G
               +--------+--------+--------+--------+--------+-----+--------+
         Total |   4746 |   3758 |    988 |      0 |   3011 |   7 |  678.0 |
       Dungeon |   4619 |   3690 |    929 |      0 |   2947 |   6 |  769.8 |
        Temple |    127 |     69 |     58 |      0 |     64 |   1 |  127.0 |
               +--------+--------+--------+--------+--------+-----+--------+

Top non-repeatable levels by time:
     D:2: 1105 daAuts
     D:1: 941 daAuts
     D:5: 933 daAuts
     D:4: 872 daAuts
     D:3: 686 daAuts
  Temple: 127 daAuts
     D:6: 79 daAuts
